AoeStats
← SmokedYoAzz420

Oasis

510033662Analyzed
4v4 RM · 2d ago on Sep 29, 2026· 60m 4s· 8 players
Game mode
Random Map
Map size
Large (8 player)
Population
200
Speed
Normal
Resources
Standard
Victory
Conquest
Starting age
Dark Age
Ending age
Imperial Age
RankedLock teamsTeams togetherTeam positionsShared explorationLock speedFull tech treeHidden civsTurbo modeCheats
Victory
Defeat
🇨🇦 Romans · Canada
780
+15
🇷🇺 Khmer · Russia
772
+17
🇨🇳 Persians · China
771
+15
🇺🇸 Muisca · United States
753
+16
🇨🇴 Tatars · Colombia
891
-20
🇨🇴 Huns · Colombia
828
-18
🇨🇴 Spanish · Colombia
726
-14
🇨🇴 Persians · Colombia
593
-9
DarkMagician26
5:47 Loom
12:02 Feudal Age
19:39 Castle Age
17:44 Stone Mining
17:46 Double-Bit Axe
17:45 Horse Collar
21:33 Wheelbarrow
20:44 Town Watch
22:29 Masonry
24:02 Bow Saw
33:15 Imperial Age
31:30 Ballistics
31:10 Murder Holes
31:29 Heavy Plow
31:24 Gold Mining
31:39 Padded Archer Armor
31:29 Fletching
32:57 Scale Barding Armor
32:53 Scale Mail Armor
33:03 Forging
33:17 Hand Cart
33:03 Town Patrol
33:21 Leather Archer Armor
33:01 Bodkin Arrow
32:59 Crossbowman
33:45 Thumb Ring
34:21 Conscription
35:20 Chemistry
33:49 Pikeman
34:32 Squires
34:19 Arson
36:05 Iron Casting
35:45 Chain Mail Armor
35:51 Chain Barding Armor
35:40 Caravan
36:19 Light Cavalry
37:10 Bloodlines
37:00 Husbandry
37:12 Hussar
38:58 Blast Furnace
38:00 Bracer
38:43 Marauders
38:05 Elite Tarkan
39:05 Atheism
43:00 Plate Barding Armor
43:07 Gold Shaft Mining
mendezmatiz360
3:30 Loom
11:01 Feudal Age
11:20 Double-Bit Axe
13:42 Horse Collar
14:12 Town Watch
16:40 Forging
20:03 Castle Age
20:48 Bow Saw
23:37 Heavy Plow
24:10 Squires
26:25 Pikeman
27:53 Ballistics
35:07 Imperial Age
32:45 Husbandry
34:04 Caravan
34:46 Cavalier
36:27 Iron Casting
35:58 Kamandaran
37:00 Crop Rotation
37:08 Crop Rotation
38:14 Wheelbarrow
37:50 Halberdier
39:01 Crossbowman
40:47 Blast Furnace
39:47 Scale Mail Armor
41:44 Thumb Ring
43:05 Chain Mail Armor
45:29 Plate Mail Armor
44:50 Gambesons
44:52 Heavy Scorpion
46:09 Town Patrol
46:48 Hand Cart
47:14 Scale Barding Armor
49:26 Chemistry
48:36 Onager
52:17 Fletching
54:35 Bodkin Arrow
fabadaro10
5:22 Loom
8:44 Feudal Age
10:54 Double-Bit Axe
16:05 Wheelbarrow
19:52 Castle Age
19:07 Stone Mining
21:02 Bow Saw
20:58 Horse Collar
24:14 Hand Cart
24:25 Town Watch
27:03 Gold Mining
31:33 Imperial Age
29:02 Treadmill Crane
30:33 Town Patrol
32:04 Silk Armor
33:22 Heavy Cavalry Archer
35:01 Gold Shaft Mining
34:29 Heavy Plow
35:37 Chemistry
35:20 Conscription
36:00 Crop Rotation
36:09 Fletching
36:20 Padded Archer Armor
36:30 Padded Archer Armor
38:32 Heavy Scorpion
39:26 Bodkin Arrow
39:47 Leather Archer Armor
43:36 Siege Engineers
47:46 Scale Barding Armor
47:51 Forging
Launi
0:41 Loom
14:24 Feudal Age
16:14 Wheelbarrow
17:15 Double-Bit Axe
22:09 Gold Mining
24:33 Castle Age
24:13 Stone Mining
25:37 Hand Cart
28:57 Bow Saw
30:36 Stone Shaft Mining
32:36 Caravan
36:11 Husbandry
36:22 Bloodlines
36:46 Scale Barding Armor
36:54 Forging
39:31 Imperial Age
39:19 Pikeman
40:01 Squires
39:49 Gambesons
40:45 Iron Casting
40:11 Scale Mail Armor
40:13 Cavalier
42:41 Chemistry
43:15 Two-Man Saw
42:40 Chain Barding Armor
42:35 Chain Mail Armor
42:00 Halberdier
46:17 Paladin
50:53 Plate Barding Armor
50:49 Plate Mail Armor
51:20 Blast Furnace
SmokedYoAzz420
1:09 Loom
12:11 Feudal Age
27:00 Castle Age
25:38 Gold Mining
Commander Davis
1:20 Loom
14:35 Feudal Age
15:08 Double-Bit Axe
15:11 Horse Collar
22:05 Castle Age
20:20 Stone Mining
20:24 Gold Mining
23:37 Wheelbarrow
25:48 Hand Cart
26:44 Town Watch
37:36 Imperial Age
36:29 Bow Saw
37:17 Ballistas
36:41 Pikeman
37:22 Squires
38:30 Forging
38:20 Scale Mail Armor
37:49 Halberdier
39:07 Fortified Wall
40:29 Town Patrol
41:27 Iron Casting
41:08 Chain Mail Armor
40:58 Scale Barding Armor
41:05 Siege Engineers
42:05 Chemistry
42:20 Heavy Scorpion
42:21 Capped Ram
44:18 Blast Furnace
43:39 Chain Barding Armor
43:10 Fletching
43:20 Padded Archer Armor
45:16 Conscription
48:35 Siege Ram
49:54 Caravan
shprot
10:24 Feudal Age
8:52 Loom
14:27 Castle Age
28:07 Wheelbarrow
27:22 Double-Bit Axe
27:19 Horse Collar
30:22 Heavy Plow
34:26 Hand Cart
35:49 Gold Mining
35:50 Stone Mining
38:19 Tusk Swords
39:07 Caravan
43:29 Imperial Age
41:03 Scale Mail Armor
41:29 Ballistics
41:22 Bow Saw
43:00 Scale Barding Armor
43:06 Forging
43:12 Chain Mail Armor
42:54 Stone Mining
43:40 Gold Shaft Mining
43:09 Husbandry
43:20 Bloodlines
45:09 Conscription
45:11 Double Crossbow
45:17 Elite Ballista Elephant
48:11 Heavy Scorpion
An
11:57 Feudal Age
16:38 Castle Age
18:15 Double-Bit Axe
18:35 Stone Mining
25:22 Gold Mining
25:59 Bow Saw
30:20 Imperial Age
29:01 Wheelbarrow
29:17 Gold Shaft Mining
29:33 Caravan
30:05 Coinage
31:45 Horse Collar
32:23 Hand Cart
33:50 Banking
33:31 Guilds
35:49 Forging
35:45 Scale Barding Armor
36:00 Heavy Plow
36:13 Elite War Elephant
38:21 Iron Casting
40:44 Chemistry
50:26 Citadels
Connection lost

Rejoining the realm…

Still unreachable

The connection could not be restored.

Session expired

The server has moved on; the page needs a fresh start.